Map: Winter Madness LE

Players

HiveMind

  • Race: Zerg Zerg
  • League: Diamond
  • Spawn Location: 5:00

HoldTheDoor - Winner!

  • Race: Protoss Protoss
  • League: Diamond
  • Spawn Location: 11:00

VOD

Have the link to the VOD?

Description

Time

  • Played on: May 11, 2026, 10:03 a.m.
  • Length: 11:36
Show
View Real Time Build Order
Export as new Build Order

HiveMind Zerg 

Build Orders: Hatch First 

Get SALT Encoding   

  12  0:02  Drone  
  13  0:08  Drone  
  14  0:21  Extractor, Drone  
  14  0:22  Extractor, Drone  
  14  0:27  Overlord  
  16  0:52  Hatchery  
  16  0:55  Drone  
  16  0:56  Drone  
  17  1:05  Extractor  
  17  1:08  Drone  
  17  1:25  Spawning Pool  
  16  1:42  Drone x2  
  16  1:43  Drone  
  19  1:54  Drone  
  19  2:08  Drone x2  
  20  2:12  Queen x2  
  20  2:14  Extractor  
  20  2:15  Drone x2  
  26  2:26  Zergling x2  
  26  2:28  Drone  
  28  2:34  Metabolic Boost  
  28  2:37  Overlord  
  28  2:59  Drone  
  28  3:00  Drone x4  
  28  3:04  Pneumatized Carapace  
  33  3:07  Spine Crawler  
  33  3:12  Drone x2  
  34  3:21  Drone  
  34  3:26  Roach Warren  
  34  3:31  Overlord  
  34  3:34  Lair  
  34  3:36  Drone  
  35  3:51  Drone  
  35  3:52  Drone, Spore Crawler  
  35  3:53  Spore Crawler  
  35  3:57  Drone  
  35  3:58  Drone x4  
  40  4:07  Queen  
  42  4:12  Spore Crawler  
  42  4:14  Zergling x2  
  42  4:18  Roach  
  44  4:25  Overlord  
  44  4:37  Hatchery  
  43  4:43  Evolution Chamber  
  43  4:44  Ravager  
  43  4:45  Spore Crawler  
  43  4:46  Overseer  
  43  4:47  Roach  
  43  4:48  Roach x2  
  48  5:04  Roach x2  
  52  5:07  Overlord  
  52  5:08  Overlord  
  51  5:16  Spine Crawler  
  51  5:18  Ravager x2  
  51  5:20  Overlord  
  52  5:28  Spire  
  52  5:33  Drone x4  
  52  5:34  Drone, Spine Crawler  
  55  5:35  Drone  
  55  5:41  Drone x2  
  58  5:50  Overseer  
  58  5:56  Overseer  
  58  6:12  Spore Crawler  
  58  6:13  Spine Crawler  
  58  6:14  Drone x3  
  58  6:15  Nydus Network  
  58  6:16  Drone, Roach Warren  
  58  6:23  Drone x3  
  61  6:32  Extractor  
  61  6:33  Nydus Network  
  61  6:39  Drone  
  61  6:40  Drone x2  
  62  6:52  Queen  
  62  6:53  Drone x2  
  62  6:54  Drone  
  67  6:55  Extractor  
  67  6:56  Roach x3  
  67  6:58  Ravager  
  67  7:00  Ravager  
  74  7:06  Overseer  
  74  7:07  Drone x3  
  77  7:16  Spine Crawler  
  77  7:17  Spore Crawler  
  75  7:27  Overseer, Nydus Canal  
  75  7:30  Nydus Canal  
  75  7:34  Drone x2  
  77  7:40  Spine Crawler  
  77  7:42  Spine Crawler  
  77  7:43  Overseer  
  72  7:57  Roach x2  
  73  7:59  Overlord x4  
  73  8:05  Nydus Canal  
  73  8:06  Nydus Canal  
  73  8:08  Drone  
  74  8:16  Hydralisk Den, Infestation Pit  
  72  8:21  Hatchery  
  72  8:23  Nydus Canal  
  71  8:34  Nydus Canal  
  69  8:56  Roach  
  69  8:57  Roach x14  
  98  9:10  Nydus Canal  
  98  9:12  Ravager x2  
  98  9:15  Drone  
  98  9:16  Drone x4  
  105  9:20  Nydus Canal  
  105  9:37  Overlord  
  105  9:38  Overlord x2  
  101  9:50  Nydus Canal  
  101  9:51  Nydus Canal  
  94  9:55  Nydus Network  
  93  10:00  Spine Crawler  
  93  10:02  Spine Crawler  
  91  10:09  Nydus Network  
  90  10:15  Nydus Canal  
  90  10:17  Nydus Canal  
  90  10:19  Drone x2  
  90  10:20  Drone x2  
Show
View Real Time Build Order
Export as new Build Order

HoldTheDoor Protoss - Winner!

Build Orders: Zealot Archon 

Get SALT Encoding   

  12  0:00  Probe  
  13  0:12  Probe  
  14  0:20  Pylon  
  14  0:24  Probe  
  15  0:34  Probe  
  16  0:42  Probe  
  16  0:44  Gateway  
  17  0:52  Assimilator  
  17  0:53  Probe  
  17  1:05  Probe  
  18  1:22  Probe  
  19  1:32  Cybernetics Core  
  19  1:48  Probe  
  20  1:59  Nexus  
  20  2:00  Probe  
  21  2:08  Assimilator  
  21  2:10  Pylon  
  21  2:12  Probe  
  22  2:24  Probe  
  22  2:25  Stalker  
  25  2:37  Probe  
  26  2:47  Warp Gate  
  26  2:49  Probe  
  26  2:50  Gateway  
  27  2:52  Pylon  
  27  2:53  Pylon  
  27  3:01  Probe, Twilight Council  
  28  3:13  Probe  
  28  3:15  Adept  
  28  3:17  Probe  
  32  3:20  Assimilator  
  32  3:25  Robotics Facility, Probe  
  33  3:30  Probe  
  34  3:37  Probe  
  35  3:42  Probe  
  36  3:52  Probe  
  37  4:00  Dark Shrine  
  37  4:06  Warp Prism  
  37  4:08  Gateway  
  37  4:10  Gateway, Probe x2  
  37  4:12  Pylon  
  41  4:22  Probe x2  
  43  4:24  Pylon  
  43  4:34  Probe x2  
  43  4:37  Adept x2  
  49  4:45  Pylon  
  49  4:46  Probe  
  49  4:47  Probe  
  51  4:59  Adept x2  
  55  5:21  Dark Templar x4  
  55  5:24  Probe  
  64  5:29  Probe  
  65  6:07  Charge  
  65  6:12  Nexus  
  65  6:14  Pylon  
  65  6:15  Pylon  
  65  6:16  Immortal  
  69  6:19  Pylon  
  69  6:23  Forge  
  69  6:25  Gateway  
  69  6:27  Gateway  
  69  6:29  Gateway x2  
  69  6:36  Gateway  
  69  6:37  Gateway  
  69  6:49  Pylon  
  69  6:51  Probe  
  69  6:52  Shield Battery  
  69  6:53  Zealot x4  
  78  6:54  Shield Battery  
  78  6:59  Immortal  
  82  7:05  Protoss Ground Weapons Level 1  
  82  7:08  Pylon  
  82  7:09  Pylon  
  82  7:12  Archon x2  
  82  7:14  Dark Templar  
  82  7:15  Dark Templar  
  86  7:17  Dark Templar  
  86  7:20  Dark Templar  
  86  7:22  Archon  
  90  7:24  Archon  
  90  7:36  Zealot  
  90  7:37  Zealot  
  94  7:39  Zealot x2  
  94  7:40  Zealot  
  91  7:59  Stalker x2  
  91  8:00  Stalker x3  
  91  8:01  Probe  
  102  8:06  Probe  
  102  8:11  Stalker  
  105  8:13  Probe  
  105  8:15  Stalker  
  108  8:26  Stalker x2  
  112  8:33  Photon Cannon  
  112  8:45  Zealot x4  
  120  8:54  Zealot x2  
  124  8:59  Stalker  
  124  9:01  Stalker  
  128  9:15  Photon Cannon  
  128  9:16  Stalker  
  130  9:18  Photon Cannon  
  130  9:24  Zealot x2  
  134  9:33  Photon Cannon  
  121  9:53  Zealot x2  
  121  9:54  Zealot  
  121  9:55  Zealot x3  
  133  10:12  Photon Cannon  
  133  10:16  Pylon  
  133  10:19  Photon Cannon  
  133  10:20  Photon Cannon  
  133  10:25  Zealot  
  133  10:26  Zealot  
Tags
 
Composition
Zealot Archon
Matchup
PvZ
Replay Pack
SC2Mai2026
Spawn Locations
Cross Positions
Add a new tag
Caveats
  • Supply blocks, unpowered buildings, or Contaminate may cause inaccurate times.
  • Supply counts are checked every 10 seconds.